 Dungeon Crawl Stone Soup version 0.31-a0-40-g1d5085d191 (webtiles) character file.

Game seed: 7154192135530843209

2882 pk666 the Thaumaturge (level 9, -2/45 HPs)
             Began as a Deep Elf Fire Elementalist on May 17, 2023.
             Was a Priest of Vehumet.
             Shot with an arrow by a centaur (9 damage)
             ... on level 8 of the Dungeon on May 18, 2023.
             The game lasted 00:11:28 (8779 turns).

pk666 the Thaumaturge (Deep Elf Fire Elementalist)  Turns: 8779, Time: 00:11:29

Health: -2/45      AC:  2    Str:  5    XL:     9   Next: 48%
Magic:  24/24      EV: 16    Int: 30    God:    Vehumet [***...]
Gold:   252        SH:  0    Dex: 15    Spells: 19/26 levels left

rFire   + . .        d - +0 whip of Arbitration {drain, Int+5}
rCold   . . .        (no shield)
rNeg    . . .        a - +0 robe
rPois   .            (no helmet)
rElec   .            (no cloak)
rCorr   .            (no gloves)
SInv    +            (no boots)
Will    .....        (no amulet)
Stlth   ++           g - ring of protection from fire
HPRegen 0.27/turn    q - ring of see invisible
MPRegen 0.19/turn

%: no passive effects
@: no status effects
A: no striking features
a: Renounce Religion


You were on level 8 of the Dungeon.
You worshipped Vehumet.
Vehumet was most pleased with you.
You visited 1 branch of the dungeon, and saw 8 of its levels.

You collected 406 gold pieces.
You spent 154 gold pieces at shops.

Inventory:

Hand Weapons
 d - the +0 whip of Arbitration (weapon) {drain, Int+5}
   (You found it on level 6 of the Dungeon)

   Int:       It affects your intelligence (+5).
Armour
 a - a +0 robe (worn)
Jewellery
 g - a ring of protection from fire (left hand)
 q - a ring of see invisible (right hand)
 w - a ring of ice
 y - an amulet of regeneration
 A - an amulet of reflection
Wands
 v - a wand of charming (5)
 B - a wand of flame (20)
 E - a wand of mindburst (15)
Scrolls
 c - 4 scrolls of teleportation
 f - 2 scrolls of enchant weapon
 h - 2 scrolls of fear {unknown}
 i - a scroll of fog {unknown}
 k - 2 scrolls of magic mapping {unknown}
 l - 2 scrolls of enchant armour {unknown}
 n - a scroll of acquirement {unknown}
 t - a scroll of torment {unknown}
 C - a scroll of vulnerability {unknown}
 D - a scroll of identify
 F - a scroll of immolation {unknown}
Potions
 b - a potion of magic
 e - 3 potions of lignification
 j - a potion of berserk rage {unknown}
 m - a potion of haste {unknown}
 o - 2 potions of ambrosia
 p - 3 potions of cancellation {unknown}
 r - a potion of might {unknown}
 s - 2 potions of invisibility
 u - 3 potions of brilliance {unknown}
 x - a potion of heal wounds
 z - 6 potions of curing


   Skills:
 + Level 8.2 Dodging
 - Level 2.4 Stealth
 + Level 9.2 Spellcasting
 + Level 7.2 Conjurations
 + Level 7.9 Fire Magic


You had 19 spell levels left.
You knew the following spells:

 Your Spells              Type           Power      Damage    Failure   Level
a - Foxfire               Conj/Fire      100%       2x1d9     1%          1
b - Scorch                Fire           100%       2d9       1%          2
c - Flame Wave            Conj/Fire      56%        2d13      1%          4

Your spell library contained the following spells:

 Spells                   Type           Power      Damage    Failure   Level
 Dazzling Flash           Conj/Hex       70%        N/A       1%          3
 Freeze                   Ice            52%        1d6       1%          1
 Hailstorm                Conj/Ice       35%        3d9       1%          3
 Inner Flame              Hex/Fire       37%        N/A       1%          3
 Volatile Blastmotes      Fire/Tloc      74%        2d16      1%          3
 Summon Small Mammal      Summ           52%        N/A       3%          1
 Frozen Ramparts          Ice            26%        1d4       3%          3
 Sublimation of Blood     Necr           13%        N/A       6%          2
 Wereblood                Tmut           13%        N/A       6%          2
 Call Canine Familiar     Summ           13%        N/A       12%         3
 Summon Guardian Golem    Hex/Summ       13%        N/A       12%         3
 Summon Hydra             Summ           6%         N/A       100%        7


Dungeon Overview and Level Annotations

Branches:
Dungeon (8/15)             Temple (0/1) D:4
   Lair: D:8-11

Altars:
Gozag
Vehumet

Shops:
D:5 !

Annotations:
D:5 1 runed translucent door, Amnesiac's ghost, weakling SpDe
D:6 Edmund
D:8 2 exclusions, Gastronok; Joseph; Pikel


Message History

Vehumet accepts your kill.
You start resting.
Magic restored.
Things that are here:
a +3 spear; a +0 robe A wight comes into view.
It is wielding a +4 halberd.
Casting: Foxfire (safe; 1% risk of failure)
Confirm with . or Enter, or press ? or * to list all spells.
You conjure some foxfire!
The foxfire hits the wight.
The wight is lightly damaged.
The foxfire hits the wight but does no damage.
The wight is lightly damaged.
Things that are here:
a +3 spear; a +0 robe
Casting: Foxfire (safe; 1% risk of failure)
Confirm with . or Enter, or press ? or * to list all spells.
You conjure some foxfire!
The foxfire hits the wight.
The wight is heavily damaged.
The foxfire hits the wight.
The wight is severely damaged.
Flames lash the wight.
You destroy the wight!
Vehumet accepts your kill.
You feel your power returning.
You hear a shout!
A wight comes into view.
It is wielding a +0 mace and wearing a +1 robe of willpower.
A centaur comes into view.
The centaur wields a +0 shortbow.
The centaur shoots an arrow.
The arrow barely misses you.
The centaur shoots an arrow.
The arrow barely misses you.
The centaur shoots an arrow.
The arrow hits you!
The centaur shoots an arrow.
The arrow closely misses you.
The centaur shoots an arrow.
The arrow misses you.
The centaur shoots an arrow.
The arrow hits you!
The centaur shoots an arrow.
The arrow hits you!!
* * * LOW HITPOINT WARNING * * *
The centaur shoots an arrow.
The arrow hits you!
You die...

..#......#####...#...............
.................#...............
..#......#####...#...............
..#......##......#...............
# #......##....###...............
#......##....# #...............
#......##....###...............
#......###.....#...............
######## #....@#...)...........
#...................>.
#.....................
###.....)......z........
#.......#...............
###.......#.........).)...
#.........#.....c.........
#.........#...............
#......####...............


You could see a centaur.

Vanquished Creatures
  A hornet (D:7)
  Prince Ribbit (D:7)
  Eustachio (D:6)
  A water moccasin (D:7)
  A sky beast (D:7)
  An orc warrior (D:7)
  2 ogres
  An ice beast (D:6)
  2 centaurs
  3 lemures (D:8)
  A phantom (D:4)
  A kobold brigand (D:8)
  4 bullfrogs
  A scorpion (D:7)
  6 wights
  4 hounds
  2 jellies (D:4)
  5 orc priests
  A gnoll bouda (D:7)
  2 sleepcaps
  2 iguanas (D:5)
  4 orc wizards
  10 gnolls
  10 adders
  A shadow imp (D:5)
  A white imp (D:6)
  A dart slug (D:4)
  14 orcs
  16 endoplasms
  4 giant cockroaches
  2 hobgoblins
  12 jackals
  3 quokkas
  5 ball pythons
  7 bats
  3 frilled lizards
  7 goblins
  2 jackal zombies (D:7)
  17 kobolds
  3 rats
  A rat zombie (D:7)
166 creatures vanquished.

Vanquished Creatures (others)
  483 foxfires
483 creatures vanquished.

Grand Total: 649 creatures vanquished

Notes
Turn   | Place    | Note
-------+----------+-------------------------------------------
     0 | D:1      | pk666 the Deep Elf Fire Elementalist began the quest for
                  | the Orb.
     0 | D:1      | Reached XP level 1. HP: 10/10 MP: 6/6
   427 | D:1      | Reached XP level 2. HP: 15/15 MP: 5/8
   900 | D:1      | Learned a level 2 spell: Scorch
  1519 | D:2      | Reached XP level 3. HP: 19/19 MP: 8/10
  1985 | D:2      | Noticed a golden eye
  1987 | D:2      | Found a faded altar of an unknown god.
  2052 | D:2      | Noticed a floating eye
  2054 | D:2      | Noticed a shining eye
  2054 | D:2      | Noticed a floating eye
  2118 | D:2      | Found an opulent altar of Gozag.
  2749 | D:3      | Reached XP level 4. HP: 24/24 MP: 9/11
  2800 | D:3      | Reached skill level 4 in Spellcasting
  2805 | D:3      | Learned a level 4 spell: Flame Wave
  3074 | D:3      | Found a radiant altar of Vehumet.
  3118 | D:3      | Became a worshipper of Vehumet
  3516 | D:4      | Noticed a phantom
  3526 | D:4      | Killed a phantom
  3527 | D:4      | Reached XP level 5. HP: 28/28 MP: 6/13
  3882 | D:4      | Reached * piety under Vehumet
  3882 | D:4      | Offered knowledge of Shock by Vehumet.
  3984 | D:4      | Reached skill level 5 in Spellcasting
  3984 | D:4      | Reached XP level 6. HP: 32/32 MP: 8/15
  4216 | D:4      | Found a staircase to the Ecumenical Temple.
  4731 | D:5      | Entered Level 5 of the Dungeon
  4825 | D:5      | Reached skill level 5 in Fire Magic
  4903 | D:5      | Found Jeerap's Distillery.
  4912 | D:5      | Bought a potion of lignification for 33 gold pieces
  4912 | D:5      | Bought a potion of heal wounds for 55 gold pieces
  4912 | D:5      | Bought 2 potions of curing for 66 gold pieces
  4946 | D:5      | Reached skill level 5 in Dodging
  4946 | D:5      | Reached XP level 7. HP: 36/36 MP: 6/17
  5162 | D:5      | Found a runed translucent door.
  5166 | D:5      | Noticed Amnesiac's ghost (weakling SpDe)
  5758 | D:6      | Reached skill level 6 in Spellcasting
  5934 | D:6      | Noticed Eustachio
  5944 | D:6      | Killed Eustachio
  5968 | D:5      | Offered knowledge of Magic Dart by Vehumet.
  6105 | D:6      | Reached ** piety under Vehumet
  6159 | D:6      | Reached skill level 5 in Conjurations
  6159 | D:6      | Reached XP level 8. HP: 41/41 MP: 13/20
  6225 | D:6      | Identified the +0 whip of Arbitration {drain, Int+5}
  6371 | D:6      | Noticed Edmund
  6551 | D:6      | Reached skill level 7 in Spellcasting
  7419 | D:7      | Noticed a hornet
  7425 | D:7      | Killed a hornet
  7426 | D:7      | Reached skill level 8 in Spellcasting
  7644 | D:7      | Found a sand-covered staircase.
  7675 | D:7      | Reached XP level 9. HP: 45/45 MP: 18/23
  8009 | D:7      | Offered knowledge of Dazzling Flash by Vehumet.
  8228 | D:8      | Noticed Gastronok
  8228 | D:8      | Noticed Joseph
  8424 | D:8      | Noticed Prince Ribbit
  8426 | D:8      | Noticed Pikel
  8437 | D:7      | Killed Prince Ribbit
  8610 | D:8      | Reached *** piety under Vehumet
  8611 | D:8      | Reached skill level 9 in Spellcasting
  8779 | D:8      | Shot with an arrow by a centaur

Illustrated notes

Levels and vault maps discovered:
D:1:      minmay_arrival_diagonal_passages, layout_basic
D:2:      layout_basic, basic_altar, hellmonk_ecumenical_altar_watching_god
D:3:      layout_basic, nicolae_vehumet_altar_sigil
D:4:      cheibrodos_fertilizer, layout_cave_pools, minmay_temple_entry_trees
D:5:      layout_basic, serial_shops, nicolae_shop_industrial_runoff,
          ebering_ghost_sewer_d
D:6:      layout_basic, uniq_edmund, uniq_eustachio
D:7:      layout_loops_ring, enter_ossuary_3
D:8:      layout_basic, uniq_gastronok, uniq_joseph, uniq_prince_ribbit1,
          uniq_pikel

Skill      XL: |  1  2  3  4  5  6  7  8  9 |
---------------+----------------------------+-----
Dodging        | 3 4 5 6 7 8 |  8.2
Conjurations   | 2 3 4 5 6 7 |  7.2
Fire Magic     | 4 5 6 7 |  7.9
Spellcasting   | 4 5 6 8 9 |  9.2
Stealth        | |  2.4

Action                     |  1- 3 |  4- 6 |  7- 9 || total
---------------------------+-------+-------+-------++-------
   Cast: Foxfire           |   117 |   105 |    77 ||   299
         Scorch            |     3 |    24 |    93 ||   120
         Flame Wave        |       |       |     5 ||     5
    Use: Scroll            |       |     4 |       ||     4
 Armour: Robe              |     6 |     3 |     2 ||    11
  Dodge: Dodged            |    37 |    12 |    50 ||    99

Table legend: (Time is in decaauts)
 A = Elapsed time spent in this place.
 B = Non-inter-level travel time spent in this place.
 C = Inter-level travel time spent in this place.
 D = Time resting spent in this place.
 E = Time spent auto-exploring this place.
 F = Levels seen in this place.
 G = Mean time per level.
                   A        B        C        D        E       F      G
               +--------+--------+--------+--------+--------+-----+--------+
         Total |   8779 |   8402 |    377 |   1693 |   5535 |   8 | 1097.4 |
       Dungeon |   8779 |   8402 |    377 |   1693 |   5535 |   8 | 1097.4 |
               +--------+--------+--------+--------+--------+-----+--------+

Top non-repeatable levels by time:
     D:1: 1460 daAuts
     D:4: 1266 daAuts
     D:6: 1261 daAuts
     D:7: 1250 daAuts
     D:5: 1107 daAuts
     D:2: 1047 daAuts
     D:3: 955 daAuts
     D:8: 430 daAuts
